 Dungeon Crawl Stone Soup version 0.17-a0-1748-g222fba8 (webtiles) character file.

54 KambridgeKobold the Ducker (level 3, -4/18 HPs)
             Began as a Spriggan Warper on Sept 1, 2015.
             Killed from afar by Robin (9 damage)
             ... with a wand of flame
             ... on level 2 of the Dungeon.
             The game lasted 00:04:56 (1381 turns).

KambridgeKobold the Ducker (Spriggan Warper)        Turns: 1381, Time: 00:04:56

Health: -4/18      AC:  2    Str:  8    XL:     3   Next: 66%
Magic:  6/8        EV: 19    Int: 14    God:
Gold:   67         SH:  0    Dex: 15    Spells: 3 memorised, 2 levels left

rFire  . . .     SeeInvis +     a - +0 short sword
rCold  . . .     Clarity  .     b - +0 robe
rNeg   . . .     SustAt   .     (shield restricted)
rPois  .         Gourm    .     (helmet restricted)
rElec  .         Spirit   .     (no cloak)
rCorr  .         Warding  .     (gloves unavailable)
rMut   .         Stasis   .     (boots unavailable)
MR     .....                    (no amulet)
Stlth  ++........               (no ring)
                                (no ring)

@: very quick, not resistant to hostile enchantments, unstealthy
A: unfitting armour, see invisible, herbivore 3, speed 3, slow metabolism 2
a: no special abilities


You were on level 2 of the Dungeon.
You were not hungry.

You visited 1 branch of the dungeon, and saw 2 of its levels.

You collected 67 gold pieces.

Inventory:

Hand weapons
 a - a +0 short sword (weapon)
Missiles
 e - 3 tomahawks of dispersal (quivered)
 j - 16 steel sling bullets
Armour
 b - a +0 robe (worn)
Scrolls
 d - a scroll of blinking
 g - a scroll of amnesia {unknown}
 h - a scroll of recharging {unknown}
 i - a scroll of identify {unknown}
Books
 c - a book of Spatial Translocations

   Spells                             Type                      Level
   a - Apportation                    Translocation                1
   b - Blink                          Translocation                2
   c - Shroud of Golubria             Charms/Translocation         2
   d - Portal Projectile              Translocation                3
   e - Teleport Other                 Translocation                3
   f - Passage of Golubria            Translocation                4
Comestibles
 f - a bread ration


   Skills:
 - Level 2.0 Fighting
 + Level 2.9 Short Blades
 - Level 1.1 Throwing
 + Level 4.5 Dodging
 * Level 2.1 Stealth
 - Level 2.6 Spellcasting
 - Level 4.4 Translocations


You had 2 spell levels left.
You knew the following spells:

 Your Spells              Type           Power        Failure   Level  Hunger
a - Apportation           Tloc           ##........   3%          1    #......
b - Blink                 Tloc           N/A          6%          2    ###....
c - Shroud of Golubria    Chrm/Tloc      #.........   17%         2    ###....


Dungeon Overview and Level Annotations

Branches:
Dungeon (2/15)

Altars:

Annotations:
D:2 Robin


Innate Abilities, Weirdness & Mutations

You are tiny and cannot use many weapons and most armour.
You have supernaturally acute eyesight.
You are a herbivore.
You cover ground extremely quickly.
You need consume almost no food.


Message History

A hobgoblin comes into view.
The kobold throws a stone.
The stone misses you. The hobgoblin misses you.
The hobgoblin shouts! x2
Casting: Shroud of Golubria
Confirm with . or Enter, or press ? or * to list all spells.
You blink.
Robin shouts!
The goblin shouts!
The hobgoblin shouts!
You hear a shout!
You hear a shout!
The kobold throws a stone.
The stone barely misses you.
A hobgoblin comes into view. It is wielding a club.
Robin roars a battlecry!
The goblins go into a battle-frenzy!
The jackal barks!
Robin throws the goblin at you!
* * * LOW HITPOINT WARNING * * *
A goblin comes into view. It is wielding a dagger.
A quokka comes into view.
Robin zaps a wand.
The puff of flame hits you!
Ouch! That really hurt!
You die...

..##...##.....§....#
.........#..lg......#
.................####
..........KKg######
............l.....# #....
.......h.gggg.....# #....
...r......g#.g....# #....
...........#g.....# #....
........@.g......# #....
.......###......## #....
...##g##.........###....
..?#..##.#..#........†.....
.............#......###.....
.........g..........##......
.#...........g.....####.##<..
....#..>...............##...
...............<.#######...


You could see Robin, a giant gecko, a quokka (wandering), a jackal, 5
hobgoblins, 3 goblins, 2 kobolds and a giant newt.

Vanquished Creatures
  A gnoll (D:1)
  An adder (D:2)
  2 giant geckos
  5 giant cockroaches (D:1)
  A hobgoblin (D:1)
  8 kobolds
  4 bats
  5 goblins (D:1)
  7 rats
34 creatures vanquished.

Notes
Turn   | Place    | Note
--------------------------------------------------------------
     0 | D:1      | KambridgeKobold the Spriggan Warper began the quest for the Orb.
     0 | D:1      | Reached XP level 1. HP: 10/10 MP: 5/5
   258 | D:1      | Reached XP level 2. HP: 12/15 MP: 6/6
   347 | D:1      | Learned a level 2 spell: Blink
   350 | D:1      | Learned a level 2 spell: Shroud of Golubria
   818 | D:1      | Reached skill level 1 in Stealth
   818 | D:1      | Reached XP level 3. HP: 6/18 MP: 8/8
  1348 | D:2      | Noticed Robin
  1381 | D:2      | Killed from afar by Robin

Vault maps used:
D:1:      dpeg_arrival_prison, minivault_5
D:2:      uniq_robin

Action                   || total
-------------------------++-------
Melee: Short sword       ||   131
Throw: Tomahawk          ||     2
 Cast: Shroud of Golubri ||     3
       Blink             ||     2
 Stab: Sleeping          ||     4
